 Dungeon Crawl Stone Soup version 0.27-a0-1256-gced786f65e (console) character file.

Game seed: 13444705358313062254

149 jejorda2 the Slasher (level 5, 0/63 HPs)
             Began as a Merfolk Berserker on June 10, 2021.
             Was a Believer of Trog.
             Slain by Ijyb
             ... wielding a +5 dagger of freezing
              (4 damage)
             ... on level 4 of the Dungeon.
             The game lasted 00:04:13 (2702 turns).

jejorda2 the Slasher (Merfolk Berserker)            Turns: 2702, Time: 00:04:14

Health: 0/63       AC:  5    Str: 19    XL:     5   Next: 31%
Magic:  5/5        EV:  8    Int:  6    God:    Trog [**....]
Gold:   153        SH:  0    Dex: 13    Spells: 4/4 levels left

rFire    . . .     SeeInvis .   a - +0 falchion
rCold    . . .     Faith    .   (no shield)
rNeg     . . .     Spirit   .   c - +0 chain mail
rPois    .         Reflect  .   (no helmet)
rElec    .         Harm     .   (no cloak)
rCorr    .         Rampage  .   d - +0 pair of gloves
Will     .....                  (no boots)
Stlth    ..........             (no amulet)
HPRegen  0.20/turn              (no ring)
MPRegen  0.09/turn              (no ring)

@: berserking, corroded, very quick
A: (nimble swimmer 2), mertail
a: Renounce Religion, Berserk, Trog's Hand


You were on level 4 of the Dungeon.
You worshipped Trog.
Trog was pleased with you.
You visited 1 branch of the dungeon, and saw 4 of its levels.

You collected 153 gold pieces.

Inventory:

Hand Weapons
 a - a +0 falchion (weapon)
Armour
 c - a +0 chain mail (worn)
 d - a +0 pair of gloves (worn)
Scrolls
 b - 2 scrolls of fear {unknown}
 f - a scroll of teleportation {unknown}
 i - a scroll of identify {unknown}
 j - a scroll of blinking {unknown}
Potions
 e - a potion of ambrosia {unknown}
 g - a potion of lignification {unknown}
 h - 2 potions of curing {unknown}
 k - 3 potions of degeneration {unknown}
 l - a potion of flight {unknown}


   Skills:
 + Level 4.2 Fighting
 * Level 5.1 Long Blades
 + Level 2.3 Armour
 - Level 2.6 Dodging


You had 4 spell levels left.
You didn't know any spells.
Your spell library was empty.

Dungeon Overview and Level Annotations

Branches:
Dungeon (4/15)
 Temple: D:4-7

Altars:

Shops:
D:3 =

Annotations:
D:4 Blork the orc, Eustachio, Ijyb


Innate Abilities, Weirdness & Mutations

((You are quick and stealthy near water. (Stealth+, EV+, Speed+++)))
Your lower body shifts to a powerful aquatic tail in water.


Message History

Trog accepts your kill.
Your chain mail prevents you from hitting the orc.
The orc hits you but does no damage.
The jackal pauses to sniff the ground.
You barely miss the orc. The orc closely misses you.
You hit the orc.
The orc is lightly wounded.
The orc hits you but does no damage.
You slash the orc!
You kill the orc!
Trog accepts your kill.
No reachable target in view!
No reachable target in view!
There is a transporter landing site here.
Items here: ( ).
Items here: )).
Found a shortbow.
Found a stone staircase leading down.
Ijyb the Twisted Goblin comes into view.
She is wielding a +5 dagger of freezing and carrying a wand of acid (10).
Ijyb shouts!
Unknown command.
Ijyb zaps a wand.
The bolt of acid hits you.
You are splashed with acid!
A red film seems to cover your vision as you go berserk!
You feel yourself moving faster!
You feel mighty!
Ijyb zaps a wand.
The bolt of acid hits you! The acid corrodes you!
You are splashed with acid!
* * * LOW HITPOINT WARNING * * *
You feel a strong urge to attack something.
Ijyb hits you with a +5 dagger of freezing.
* * * LOW HITPOINT WARNING * * *
Ijyb freezes you.
* * * LOW HITPOINT WARNING * * *
You hit Ijyb.
Ijyb is moderately wounded.
Ijyb barely misses you.
You hit Ijyb but do no damage.
Ijyb is moderately wounded.
Ijyb hits you with a +5 dagger of freezing!
* * * LOW HITPOINT WARNING * * *
Ijyb freezes you.
You die...

#........##### ...............
.........#...#.(
.....^...#.....#
#....#.#.#.#.#.. ..#
##........#......
#.#.###.....#...#.....#
#....g.+.............)# #.
#@...#####...#.#.# ##..
#................#
+..>##..#...#....#.####
+##...####....#..........#
###...............#.#.#....###
..#...............#........#
..................#..#.....#
...... ..####.#...........#
...# . #.#############


You could see Ijyb.

Vanquished Creatures
  An iguana (D:3)
  Natasha (thrice) (D:2)
  An adder (D:3)
  2 dart slugs (D:2)
  An orc (D:4)
  5 bats
  An endoplasm (D:2)
  2 giant cockroaches
  4 goblins
  2 hobgoblins
  A quokka (D:1)
  3 ball pythons
  3 frilled lizards
  5 kobolds
  3 rats
37 creatures vanquished.

Notes
Turn   | Place    | Note
-------+----------+-------------------------------------------
     0 | D:1      | jejorda2 the Merfolk Berserker began the quest for the Orb.
     0 | D:1      | Reached XP level 1. HP: 18/18 MP: 1/1
   208 | D:1      | Reached XP level 2. HP: 24/24 MP: 2/2
   923 | D:2      | Reached XP level 3. HP: 28/29 MP: 3/3
   948 | D:2      | Noticed Natasha
   958 | D:2      | Killed Natasha
   959 | D:2      | Reached skill level 4 in Long Blades
   975 | D:2      | Noticed Natasha
  1275 | D:2      | Killed Natasha
  1276 | D:2      | Reached XP level 4. HP: 29/37 MP: 4/4
  1420 | D:2      | Noticed Natasha
  1431 | D:2      | Killed Natasha
  1452 | D:3      | Reached ** piety under Trog
  1460 | D:3      | Reached XP level 5. HP: 29/42 MP: 5/5
  1802 | D:3      | Found Tuirgh's Jewellery Emporium.
  2069 | D:3      | Reached skill level 5 in Long Blades
  2578 | D:4      | Noticed Blork the orc
  2583 | D:4      | Noticed Eustachio
  2693 | D:4      | Noticed Ijyb
  2702 | D:4      | Slain by Ijyb

Illustrated notes

Levels and vault maps discovered:
D:1:      wheals_arrival_linesprint, layout_rooms, hangedman_decor_points,
          minmay_3d_cube
D:2:      layout_rooms, uniq_natasha
D:3:      layout_loops_cross, serial_forest, infiniplex_forest_clump_diagonal,
          infiniplex_forest_lined_room_, infiniplex_forest_clump_double,
          infiniplex_forest_clump_small, infiniplex_forest_lined_4_way,
          infiniplex_forest_end_2, infiniplex_forest_diagonal,
          infiniplex_forest_clump_small, infiniplex_forest_pool,
          infiniplex_forest_lined_ring, serial_shops, shop
D:4:      layout_basic, minmay_temple_entry_statues_fountains,
          gammafunk_ghost_arena, hangedman_decor_lopped, uniq_blork_the_orc,
          uniq_eustachio, uniq_ijyb

Skill      XL: |  1  2  3  4  5 |
---------------+----------------+-----
Long Blades    | 4 5 |  5.1
Armour         | 2 |  2.3
Fighting       | 4 |  4.2
Dodging        | |  2.6

Action                   |  1- 3 |  4- 6 || total
-------------------------+-------+-------++-------
Melee: Falchion          |    82 |    41 ||   123
Invok: Berserk           |       |     2 ||     2
Armor: Chain mail        |    46 |    16 ||    62
Dodge: Dodged            |    39 |    10 ||    49
       Rpst.: Falchion   |    12 |     3 ||    15

Table legend: (Time is in decaauts)
 A = Elapsed time spent in this place.
 B = Non-inter-level travel time spent in this place.
 C = Inter-level travel time spent in this place.
 D = Time resting spent in this place.
 E = Time spent auto-exploring this place.
 F = Levels seen in this place.
 G = Mean time per level.
                   A        B        C        D        E       F      G
               +--------+--------+--------+--------+--------+-----+--------+
         Total |   2729 |   2577 |    152 |    158 |   2106 |   4 |  682.2 |
       Dungeon |   2729 |   2577 |    152 |    158 |   2106 |   4 |  682.2 |
               +--------+--------+--------+--------+--------+-----+--------+

Top non-repeatable levels by time:
     D:3: 1175 daAuts
     D:1: 798 daAuts
     D:2: 663 daAuts
     D:4: 92 daAuts
